 Dungeon Crawl Stone Soup version 0.30-a0-457-g4b7bca3bfa (webtiles) character file.

Game seed: 536836886747882158

35 Raultor the Insei (level 3, 0/23 HPs)
             Began as an Octopode Transmuter on Dec 13, 2022.
             Slain by Terence
             ... wielding a +0 falchion of distortion
              (6 damage)
             ... on level 2 of the Dungeon.
             The game lasted 00:03:14 (791 turns).

Raultor the Insei (Octopode Transmuter)              Turns: 791, Time: 00:03:15

Health: 0/23       AC:  1    Str: 13    XL:     3   Next: 35%
Magic:  0/6        EV: 13    Int: 17    God:
Gold:   74         SH:  0    Dex: 12    Spells: 5/6 levels left

rFire   . . .      SeeInvis .      - Unarmed
rCold   . . .      Faith    .    (no shield)
rNeg    + . .      Spirit   +    (helmet currently unavailable)
rPois   .          Reflect  .    f - amulet "Ehokig Nau" {Spirit Fragile rN+ Str+4}
rElec   .          Harm     .    (no ring)
rCorr   .          Rampage  .    (no ring)
Will    .....                    (no ring)
Stlth   ++........               (no ring)
HPRegen 0.23/turn                (no ring)
MPRegen 0.10/turn                (no ring)
                                 (no ring)
                                 (no ring)

@: appendages
A: tentacle spike 3, almost no armour, amphibious, 8 rings, camouflage 1,
gelatinous body 1, (nimble swimmer 1), tentacles
a: End Transformation


You were on level 2 of the Dungeon.
One of your tentacles had grown a beastly spike.
You visited 1 branch of the dungeon, and saw 2 of its levels.

You collected 74 gold pieces.


Innate Abilities, Weirdness & Mutations

One of your tentacles has grown a beastly spike.
You cannot wear most types of armour.
You are amphibious.
You can wear up to eight rings at the same time.
Your skin changes colour to match your surroundings (Stealth+).
Your rubbery body absorbs attacks. (AC +1, EV +1)
((You are camouflaged when in or above water. (Stealth+)))
You have tentacles for arms and can constrict up to eight enemies at once.


   Skills:
 + Level 1.4 Fighting
 - Level 2.0 Dodging
 + Level 3.2 Unarmed Combat
 - Level 2.0 Spellcasting
 * Level 2.6 Transmutations
 * Level 1.4 Ice Magic


You had 5 spell levels left.
You knew the following spells:

 Your Spells              Type           Power      Damage    Failure   Level
b - Beastly Appendage     Tmut           20%        N/A       6%          1

Your spell library contained the following spells:

 Spells                   Type           Power      Damage    Failure   Level
 Wereblood                Tmut           10%        N/A       10%         2
 Freeze                   Ice            24%        1d4       11%         1
 Frozen Ramparts          Ice            12%        1d2       32%         3
 Spider Form              Tmut/Pois      6%         N/A       32%         3
 Hailstorm                Conj/Ice       4%         3d4       41%         3
 Ice Form                 Ice/Tmut       8%         N/A       63%         4
 Olgreb's Toxic Radiance  Pois           1%         N/A       88%         4
 Ozocubu's Refrigeration  Ice            3%         4d8       100%        7
 Ignition                 Fire           0%         3d3       100%        8

Inventory:

Jewellery
 f - the amulet "Ehokig Nau" (around mantle) {Spirit Fragile rN+ Str+4}
   (You found it on level 2 of the Dungeon)

   [amulet of guardian spirit]

   It causes incoming damage to be divided between your reserves of health and
   magic.
   Str:       It affects your strength (+4).
   rN:        It protects you from negative energy.
   Fragile:   It will be destroyed if unequipped.
 F - a ring of fire
Scrolls
 b - a scroll of blinking {unknown}
 d - a scroll of fear {unknown}
 e - a scroll of vulnerability {unknown}
Potions
 a - a potion of lignification
 c - a potion of might {unknown}
 g - a potion of attraction {unknown}

Dungeon Overview and Level Annotations

Branches:
Dungeon (2/15)

Altars:

Annotations:
D:2 Terence

#####.#######.###.###
#.@........†........#
#..######.#.###.### #.#
#..# #...........
.....##..# #..#†###.###
......!..# #.##.# #.#
.....###.# ##.##.# #.#
#.#...##@# #..##.# #.# ..
#.##@# #.###.# #.###
###.#.##.# #.# #.# #....
#.#.##.# #.# #.# #####
#.#.##.# #.# #.# ##.#.##.#
##†###.# ####
####.......###.#†##.####...
........##......)........##
####....##.......##.######
#................#


You could see Terence.


Message History

You pierce Terence, but do no damage.
Terence is moderately wounded.
You constrict Terence, but do no damage.
Terence misses you.
You barely miss Terence.
You pierce Terence, but do no damage.
Terence is moderately wounded.
You constrict Terence, but do no damage.
Terence hits you with a +0 falchion of distortion.
Space warps around you.
You tentacle-slap Terence but do no damage.
Terence is moderately wounded.
You constrict Terence.
Terence hits you with a +0 falchion of distortion!
* * * LOW HITPOINT WARNING * * *
Unknown command.
You tentacle-slap Terence but do no damage.
Terence is moderately wounded.
You constrict Terence, but do no damage.
Terence hits you with a +0 falchion of distortion.
* * * LOW HITPOINT WARNING * * *
You tentacle-slap Terence but do no damage.
You pierce Terence, but do no damage.
Terence is moderately wounded.
You constrict Terence.
You tentacle-slap Terence but do no damage.
You pierce Terence.
Terence is heavily wounded.
You constrict Terence.
Terence hits you with a +0 falchion of distortion!
You die...

Skill      XL: |  1  2 |
---------------+-------+-----
Ice Magic      | 1 |  1.4
Fighting       | |  1.4
Dodging        | |  2.0
Unarmed Combat | |  3.2
Spellcasting   | |  2.0
Transmutations | |  2.6

Action                   || total
-------------------------++-------
Melee: Unarmed           ||    80
       Constrict         ||    16
       Kick              ||    13
       Tentacles         ||    10
       Punch             ||     2
 Cast: Beastly Appendage ||     8
 Stab: Sleeping          ||     3
Armor: Skin              ||     4
Dodge: Dodged            ||    58

Levels and vault maps discovered:
D:1:      lightli_molten_gateway, layout_rooms, moated_statue
D:2:      layout_loops_ring, chequers_serial_rivers_micro_d, uniq_terence,
          uniq_crazy_yiuf_cottage

Notes
Turn   | Place    | Note
-------+----------+-------------------------------------------
     0 | D:1      | Raultor the Octopode Transmuter began the quest for the
                  | Orb.
     0 | D:1      | Reached XP level 1. HP: 13/13 MP: 3/3
   102 | D:1      | Reached XP level 2. HP: 11/18 MP: 1/5
   110 | D:1      | Reached skill level 1 in Ice Magic
   531 | D:2      | Reached XP level 3. HP: 18/23 MP: 3/6
   599 | D:2      | Identified the amulet "Ehokig Nau" {Spirit Fragile rN+
                  | Str+4}
   774 | D:2      | Noticed Terence
   791 | D:2      | Slain by Terence

Vanquished Creatures
  A dart slug (D:2)
  3 bats
  3 endoplasms
  3 giant cockroaches
  4 jackals (D:1)
  4 ball pythons
  5 frilled lizards
  4 goblins
  3 kobolds
  2 rats
32 creatures vanquished.

Table legend: (Time is in decaauts)
 A = Elapsed time spent in this place.
 B = Non-inter-level travel time spent in this place.
 C = Inter-level travel time spent in this place.
 D = Time resting spent in this place.
 E = Time spent auto-exploring this place.
 F = Levels seen in this place.
 G = Mean time per level.
                   A        B        C        D        E       F      G
               +--------+--------+--------+--------+--------+-----+--------+
         Total |    786 |    779 |      7 |      0 |    514 |   2 |  393.0 |
       Dungeon |    786 |    779 |      7 |      0 |    514 |   2 |  393.0 |
               +--------+--------+--------+--------+--------+-----+--------+

Top non-repeatable levels by time:
     D:1: 515 daAuts
     D:2: 270 daAuts

Table legend:
 A = Non-vault XP
 B = Vault XP
 C = Vault XP percentage of total XP
 D = Non-vault monster count
 E = Vault monster count
 F = Vault count percentage of total count
                 A         B        C        D         E       F
            +---------+---------+-------+---------+---------+-------
      Total |      51 |       0 |   0.0 |      32 |       0 |   0.0
            +---------+---------+-------+---------+---------+-------
        D:1 |      32 |       0 |   0.0 |      21 |       0 |   0.0
        D:2 |      19 |       0 |   0.0 |      11 |       0 |   0.0
            +---------+---------+-------+---------+---------+-------
